 Dungeon Crawl Stone Soup version 0.28.0-53-g5a82cb258f (webtiles) character file.

Game seed: 10042656665689434470

870 mcbry74 the Arsonist (level 8, -3/49 (51) HPs)
             Began as a Hill Orc Fire Elementalist on July 7, 2022.
             Was a Plaything of Xom.
             Killed by divine providence
             ... invoked by an orc priest
              (12 damage)
             ... on level 6 of the Dungeon.
             The game lasted 00:25:41 (7446 turns).

mcbry74 the Arsonist (Hill Orc Fire Elementalist)   Turns: 7446, Time: 00:25:41

HP:   -3/49 (51)    AC:  3    Str: 11    XL:     8   Next: 3%
MP:   16/19         EV:  2    Int: 19    God:    Xom [.*....]
Gold: 369           SH:  0    Dex: -3 (9) Spells: 3/10 levels left

rFire   . . .      SeeInvis .   h - +0 dagger
rCold   . . .      Faith    .   (no shield)
rNeg    + + .      Spirit   .   j - +1 leather armour "Pasaev" {rC- rN+ Regen+ MP+9}
rPois   .          Reflect  .   (helmet restricted)
rElec   .          Harm     .   i - +0 cloak
rCorr   .          Rampage  .   (no gloves)
Will    .....                   (no boots)
Stlth   ..........              (no amulet)
HPRegen 0.96/turn               l - ring of positive energy
MPRegen 0.16/turn               n - +4 ring of evasion

@: slowed, lost dexterity, lightly drained, unable to read, very slow
A: horns 1, clever 1, clumsy 1, cold resistance 1, deformed body, frail 1,
mutation resistance 1, screaming 1, inability to read while threatened,
MP-powered wands
a: Renounce Religion, Convert to Beogh


You were on level 6 of the Dungeon.
You worshipped Xom.
You were a plaything of Xom.
You visited 1 branch of the dungeon, and saw 6 of its levels.

You collected 369 gold pieces.

Inventory:

Hand Weapons
 h - a +0 dagger (weapon)
 y - the +8 war axe "Enei" {antimagic, Int+3}
   (You found it on level 6 of the Dungeon)

   It reduces the magical energy of the wielder, and disrupts the spells and
   magical abilities of those it strikes.
   Natural abilities and divine invocations are not affected.
   Int:       It affects your intelligence (+3).
Missiles
 w - 51 stones (quivered)
Armour
 a - a +0 robe
 i - a +0 cloak (worn)
 j - the +1 leather armour "Pasaev" (worn) {rC- rN+ Regen+ MP+9}
   (You found it on level 2 of the Dungeon)

   rC:        It makes you vulnerable to cold.
   rN:        It protects you from negative energy.
   MP:        It affects your magic capacity (+9).
   Regen:     It increases your rate of health regeneration.
 u - a scarf of resistance
 x - a scarf of invisibility
Jewellery
 l - a ring of positive energy (left hand)
 n - a +4 ring of evasion (right hand)
 z - a ring of willpower
Wands
 s - a wand of acid (7)
Scrolls
 f - a scroll of vulnerability {unknown}
 g - 2 scrolls of fear
 o - a scroll of blinking {unknown}
 p - a scroll of summoning {unknown}
 q - 2 scrolls of identify
 t - 2 scrolls of enchant weapon {unknown}
 v - 3 scrolls of teleportation {unknown}
Potions
 b - a potion of flight {unknown}
 c - a potion of resistance {unknown}
 d - 3 potions of curing {unknown}
 e - 2 potions of lignification {unknown}
 k - a potion of magic {unknown}
 m - a potion of brilliance {unknown}
 r - a potion of heal wounds {unknown}


   Skills:
 - Level 1.5 Dodging
 - Level 1.5 Stealth
 - Level 1.5 Spellcasting
 + Level 5.0 Conjurations
 * Level 8.6 Fire Magic


You had 3 spell levels left.
You knew the following spells:

 Your Spells              Type           Power      Damage    Failure   Level
a - Foxfire               Conj/Fire      100%       2x1d9     1%          1
b - Scorch                Fire           68%        2d8       1%          2
c - Flame Wave            Conj/Fire      27%        2d7       14%         4

Your spell library contained the following spells:

 Spells                   Type           Power      Damage    Failure   Level
 Conjure Flame            Conj/Fire      27%        6-21      4%          3
 Inner Flame              Hex/Fire       17%        N/A       12%         3
 Slow                     Hex            4%         N/A       24%         1
 Sting                    Tmut/Pois      4%         1d3       24%         1
 Sublimation of Blood     Necr           1%         N/A       34%         2
 Wereblood                Tmut           1%         N/A       34%         2
 Call Canine Familiar     Summ           1%         N/A       56%         3
 Confusing Touch          Hex            1%         N/A       56%         3
 Portal Projectile        Hex/Tloc       2%         N/A       56%         3
 Vampiric Draining        Necr           1%         2d6       56%         3
 Leda's Liquefaction      Hex/Erth       0%         N/A       93%         4
 Petrify                  Tmut/Erth      1%         N/A       93%         4
 Irradiate                Conj/Tmut      5%         3d15      93%         5
 Summon Hydra             Summ           0%         N/A       100%        7


Dungeon Overview and Level Annotations

Branches:
Dungeon (6/15)
 Temple: D:4-7

Altars:
Ashenzari
Qazlal
Ru
Xom
Yredelemnul

Shops:
D:2 [


Innate Abilities, Weirdness & Mutations

You have a pair of small horns on your head.
Your mind is acute. (Int +2)
You are clumsy. (Dex -2)
Your flesh is cold resistant. (rC+)
Armour fits poorly on your strangely shaped body.
You are frail. (-10% HP)
You are somewhat resistant to further mutation.
You occasionally shout uncontrollably at your foes.
You sometimes lose the ability to read scrolls when taking damage.
You expend magic power (3 MP) to strengthen your wands.


Message History

The flame wave engulfs the orc wizard!
The orc wizard is heavily wounded.
The flame wave engulfs the orc!
You kill the orc! (Press . to intensify the flame waves.)
The orc hits you with a +0 hand axe! The necrophage hits you.
You partially resist.
You feel drained.
The orc wizard points at you and mumbles some strange words.
You are confused.
The orc hits you but does no damage.
The necrophage hits you but does no damage.
The orc hits you with a +0 dagger of speed.
You feel threatened and lose the ability to read scrolls!
The necrophage hits you. You partially resist.
You feel drained.
The orc hits you with a +0 dagger of speed.
The necrophage hits you. The orc hits you with a +0 hand axe.
The orc priest calls upon Beogh to heal the orc.
The orc's wounds heal themselves!
The orc hits you but does no damage.
The orc wizard hits you but does no damage.
You barely miss the orc.
The orc priest threatens, "By the altar or by the axe, you will meet Beogh!"
Your headbutt misses the orc.
The orc hits you with a +0 dagger of speed.
The orc hits you but does no damage. The orc priest hits you with a +0 club.
The necrophage hits you.
The orc wizard hits you with a +0 dagger.
The orc hits you with a +0 dagger of speed.
The necrophage hits you. The orc hits you with a +0 hand axe.
* * * LOW HITPOINT WARNING * * *
You emit a cloud of colourful smoke!
The orc priest hits you with a +0 club.
* * * LOW HITPOINT WARNING * * *
The orc hits you with a +0 dagger of speed.
* * * LOW HITPOINT WARNING * * *
The orc wizard hits you but does no damage.
You feel less confused.
The orc priest invokes the aid of Beogh against you.
Beogh smites you!
You die...
Xom cackles wildly!

############# ########
#......(....# #.......
.##.n§@###.###
#.#####. #..ooo.....#
#.# #.
......o§§#.....###.###
#.
##.####.##...........#
#. # # #.#
#.##.....###.#.# #.
#.#. ... ..##.....#
#.#.###. #<#.###.#
#+##########.......
.....#.###...##
#........
##.#.#.##.....##
#.#..##..


You could see a necrophage, an orc priest, an orc wizard and 2 orcs.

Vanquished Creatures
  Menkaure (D:6)
  A necrophage (D:6)
  A phantom (D:4)
  3 scorpions
  2 hounds
  A jelly (D:4)
  An orc wizard (D:5)
  4 gnolls (D:5)
  9 adders
  A howler monkey skeleton (D:5)
  A shadow imp (D:5)
  3 white imps
  2 ufetubi
  2 worms
  9 orcs
  13 bats
  9 endoplasms
  4 giant cockroaches
  9 goblins
  13 hobgoblins
  6 jackals
  6 kobolds
  4 quokkas
  2 ball pythons (D:2)
  7 frilled lizards
  6 rats
120 creatures vanquished.

Vanquished Creatures (others)
  43 foxfires
  2 fungi (D:1)
  A plant (D:1)
46 creatures vanquished.

Grand Total: 166 creatures vanquished

Notes
Turn   | Place    | Note
-------+----------+-------------------------------------------
     0 | D:1      | mcbry74 the Hill Orc Fire Elementalist began the quest for
                  | the Orb.
     0 | D:1      | Reached XP level 1. HP: 14/14 MP: 3/3
   182 | D:1      | Reached XP level 2. HP: 13/20 MP: 0/4
   298 | D:1      | Learned a level 2 spell: Scorch
   558 | D:1      | Reached skill level 4 in Fire Magic
   723 | D:1      | Found a faded altar of an unknown god.
   728 | D:1      | Got Plato's Catalogue of Moulding and Contamination
   729 | D:1      | Prayed at the altar of an unknown god.
   729 | D:1      | Became a worshipper of Xom of Chaos
   799 | D:1      | XOM: divination: magic mapping
   911 | D:1      | XOM: silly message
   938 | D:1      | Reached XP level 3. HP: 26/26 MP: 2/5
   991 | D:1      | XOM: silly message
  1071 | D:1      | XOM: give mutations
  1071 | D:1      | Gained mutation: Armour fits poorly on your strangely
                  | shaped body. [Xom's mischief]
  1071 | D:1      | Gained mutation: You sometimes lose the ability to read
                  | scrolls when taking damage. [Xom's mischief]
  1521 | D:2      | XOM: give mutations
  1521 | D:2      | Gained mutation: You are somewhat resistant to further
                  | mutation. [Xom's grace]
  1521 | D:2      | Gained mutation: You expend magic power (3 MP) to
                  | strengthen your wands. [Xom's grace]
  1597 | D:2      | Reached XP level 4. HP: 33/33 MP: 1/6
  1621 | D:2      | XOM: god gift: purple potion {god gift}
  1739 | D:2      | XOM is BORED!
  1739 | D:2      | XOM: summons 3 hostile demons
  1772 | D:2      | Found Sihigyfob's Antique Armour Boutique.
  1798 | D:2      | XOM: god gift: book of Blood
  1932 | D:2      | XOM: give mutations
  1932 | D:2      | Gained mutation: Your muscles are strong. (Str +2) [Xom's
                  | grace]
  1932 | D:2      | Gained mutation: You have a pair of small horns on your
                  | head. [Xom's grace]
  2233 | D:2      | Identified the +1 leather armour "Pasaev" {rC- rN+ Regen+
                  | MP+9}
  2661 | D:3      | Reached skill level 5 in Fire Magic
  2910 | D:3      | XOM: scenery: 2 doors close
  2937 | D:3      | Reached XP level 5. HP: 38/38 MP: 3/7
  2941 | D:3      | XOM: scenery: summon butterflies
  3297 | D:3      | Found a sacrificial altar of Ru.
  3446 | D:3      | XOM: noise
  3461 | D:3      | XOM: give mutation
  3461 | D:3      | Gained mutation: You are clumsy. (Dex -2) [Xom's mischief]
  3655 | D:4      | Noticed a phantom
  3660 | D:4      | XOM: smoke on damage
  3661 | D:4      | Killed a phantom
  3662 | D:4      | Reached skill level 6 in Fire Magic
  3682 | D:4      | XOM: silly message
  3872 | D:4      | XOM: silly message
  3926 | D:4      | XOM: potion effect (curing)
  3929 | D:4      | XOM: potion effect (invisibility)
  3935 | D:4      | Reached XP level 6. HP: 39/45 MP: 6/8
  4011 | D:4      | XOM: silly message
  4130 | D:4      | XOM: confusion
  4429 | D:4      | XOM: summons 2 hostile shadow creatures
  4670 | D:4      | Found a basalt altar of Yredelemnul.
  4778 | D:5      | Entered Level 5 of the Dungeon
  4867 | D:5      | Learned a level 4 spell: Flame Wave
  4884 | D:5      | Reached skill level 7 in Fire Magic
  5036 | D:5      | XOM: blink monster(s)
  5167 | D:5      | Found a broken altar of Ashenzari.
  5203 | D:5      | Reached XP level 7. HP: 50/50 MP: 9/9
  5469 | D:5      | XOM: give mutations
  5469 | D:5      | Gained mutation: You are frail. (-10% HP) [Xom's mischief]
  5469 | D:5      | Gained mutation: You occasionally shout uncontrollably at
                  | your foes. [Xom's mischief]
  5478 | D:5      | XOM: enchant monster (good)
  5679 | D:5      | XOM is BORED!
  5679 | D:5      | XOM: summons 1 hostile shadow creature
  5708 | D:5      | XOM: torment (28/45 hp)
  5829 | D:5      | Found a stormy altar of Qazlal.
  6167 | D:5      | XOM: summons 4 hostile demons
  6194 | D:5      | Lost dexterity.
  6364 | D:5      | XOM: confusion
  6494 | D:5      | XOM: give mutations
  6494 | D:5      | Lost mutation: You are somewhat resistant to further
                  | mutation. [Xom's mischief]
  6494 | D:5      | Gained mutation: Your flesh is cold resistant. (rC+) [Xom's
                  | mischief]
  6494 | D:5      | Lost mutation: Your muscles are strong. (Str +2) [Xom's
                  | mischief]
  6957 | D:5      | XOM: give mutations
  6957 | D:5      | Gained mutation: Your mind is acute. (Int +2) [Xom's grace]
  6957 | D:5      | Gained mutation: You are somewhat resistant to further
                  | mutation. [Xom's grace]
  7225 | D:6      | Identified the +8 war axe "Enei" {antimagic, Int+3}
  7289 | D:6      | XOM: smoke on damage
  7292 | D:6      | Reached skill level 8 in Fire Magic
  7361 | D:6      | Noticed Menkaure
  7367 | D:6      | Killed Menkaure
  7368 | D:6      | Reached XP level 8. HP: 39/51 MP: 10/10
  7372 | D:6      | Reached skill level 5 in Conjurations
  7445 | D:6      | XOM: smoke on damage
  7446 | D:6      | Killed from afar by an orc priest

Illustrated notes

Levels and vault maps discovered:
D:1:      lightli_arrival_chessboard, layout_loops_cross,
          shapermc_ecumenical_altar_rom_forum
D:2:      layout_rooms, serial_shops, nicolae_lakefront_shop,
          lemuel_another_geyser
D:3:      layout_basic, mainiacjoe_overflow_chevrons, serial_rivers,
          chequers_serial_rivers_marsh, chequers_serial_rivers_large_b,
          chequers_serial_rivers_micro_b, chequers_serial_rivers_marsh,
          chequers_serial_rivers_room_a, chequers_serial_rivers_micro_e,
          minmay_three_crescents
D:4:      layout_loops_ring, overflow_temple_1_default
D:5:      layout_layer_cave, nicolae_overflow_hidden_temple,
          amcnicky_altar_gilded, minmay_holes
D:6:      layout_loops_corners, uniq_menkaure

Skill      XL: |  1  2  3  4  5  6  7  8 |
---------------+-------------------------+-----
Fire Magic     | 4 5 6 7 8 |  8.6
Conjurations   | 2 3 4 5 |  5.0
Dodging        | |  1.5
Stealth        | |  1.5
Spellcasting   | |  1.5

Action                   |  1- 3 |  4- 6 |  7- 9 || total
-------------------------+-------+-------+-------++-------
Melee: Dagger            |     2 |     6 |    15 ||    23
       Headbutt          |       |       |     2 ||     2
 Cast: Foxfire           |    21 |     2 |     1 ||    24
       Scorch            |    29 |    93 |    54 ||   176
       Flame Wave        |       |       |     2 ||     2
  Use: Scroll            |       |     2 |       ||     2
Armor: Robe              |     8 |     1 |       ||     9
       Leather armour    |       |     4 |    51 ||    55
Dodge: Dodged            |    30 |    32 |    59 ||   121
